 Dungeon Crawl Stone Soup version 0.27.1-1-g398f81649c (webtiles) character file.

Game seed: 3175987142732699224

9930 DoubleLucky the Basher (level 11, -16/73 HPs)
             Began as a Gargoyle Berserker on Sept 14, 2021.
             Was a High Priest of Trog.
             Shot with a bolt by a yaktaur captain (23 damage)
             ... on level 9 of the Dungeon on Sept 18, 2021.
             The game lasted 01:05:29 (10285 turns).

DoubleLucky the Basher (Gargoyle Berserker)        Turns: 10285, Time: 01:05:29

Health: -16/73     AC: 23    Str: 24    XL:     11   Next: 54%
Magic:  3/3        EV:  8    Int:  8    God:    Trog [*****.]
Gold:   1389       SH:  0    Dex:  9    Spells: 10/10 levels left

rFire    + + .     SeeInvis .   D - +1 great mace (antimagic)
rCold    . . .     Faith    .   (shield currently unavailable)
rNeg     + . .     Spirit   .   B - +4 chain mail {rF+}
rPois    ∞         Reflect  .   (no helmet)
rElec    +         Harm     .   (no cloak)
rCorr    .         Rampage  .   n - +0 pair of gloves
Will     .....                  (no boots)
Stlth    ..........             g - amulet of regeneration
HPRegen  1.22/turn              z - ring of protection from fire
MPRegen  0.08/turn              j - ring of flight

@: flying
A: sickness immunity, AC +8, negative energy resistance 1, electricity
resistance, torment resistance 1, petrification resistance
a: Renounce Religion, Berserk, Trog's Hand, Brothers in Arms


You were on level 9 of the Dungeon.
You worshipped Trog.
Trog was extremely pleased with you.
You visited 1 branch of the dungeon, and saw 9 of its levels.
You visited the Abyss 1 time.
You also visited: Ossuary.

You collected 1389 gold pieces.

Inventory:

Hand Weapons
 a - a +1 morningstar
 D - a +1 antimagic great mace (weapon)
 F - a +6 flail
Missiles
 k - 127 stones
 p - 36 poisoned darts (quivered)
 r - 8 curare-tipped darts
 C - 2 throwing nets
Armour
 i - a +2 ring mail of cold resistance
 n - a +0 pair of gloves (worn)
 s - a +0 cloak
 A - a scarf of invisibility
 B - a +4 chain mail of fire resistance (worn)
 G - +0 acid dragon scales
 I - a scarf of repulsion
Jewellery
 g - an amulet of regeneration (around neck)
 j - a ring of flight (right hand)
 y - an amulet of reflection
 z - a ring of protection from fire (left hand)
Wands
 h - a wand of iceblast (6)
 m - a wand of mindburst (9)
 E - a wand of flame (15)
 H - a wand of acid (7)
Scrolls
 d - a scroll of fog
 f - a scroll of silence
 l - 4 scrolls of teleportation
 q - a scroll of holy word
Potions
 b - 3 potions of invisibility
 c - 7 potions of curing
 e - a potion of brilliance {unknown}
 o - 4 potions of haste
 t - 2 potions of cancellation
 u - 3 potions of heal wounds
 v - 2 potions of berserk rage
 w - a potion of mutation {unknown}
 x - 2 potions of might {unknown}


   Skills:
 + Level 10.9 Fighting
 + Level 13.3 Maces & Flails
 - Level 5.0 Armour
 - Level 1.5 Dodging
 - Level 5.0 Evocations


You had 10 spell levels left.
You didn't know any spells.
Your spell library was empty.

Dungeon Overview and Level Annotations

Branches:
Dungeon (9/15)             Temple (0/1) D:4         Ossuary (visited)
   Lair: D:8-11         Orc: D:9-12

Altars:
Ashenzari
Fedhas
Hepliaklqana
Makhleb
Nemelex Xobeh
Okawaru
Qazlal
Sif Muna
Uskayaw
The Shining One
Lugonu

Shops:
D:1 =   D:3 :   D:7 =   D:8 =

Portals:
Abyss: D:5

Annotations:
D:7 1 runed translucent door, Crazy Yiuf


Innate Abilities, Weirdness & Mutations

You are immune to sickness and miasma.
Your stone body is resilient. (AC +8)
You are immune to poison.
You resist negative energy. (rN+)
You are resistant to electric shocks. (rElec)
You are resistant to unholy torment.
You are immune to petrification.


Message History

[Y]es or [N]o only, please.
Keep disrobing? [Y]es or [N]o only, please.
Keep disrobing?
You stop removing your armour.
You start removing your armour.
You continue taking off your +0 cloak. x4
You finish taking off your +0 cloak.
You start putting on your armour.
You continue putting on your scarf of repulsion. x5
You finish putting on your scarf of repulsion.
You are surrounded by a repulsion field.
You start removing your armour.
You continue taking off your scarf of repulsion. x4
You finish taking off your scarf of repulsion.
The haze of the repulsion field disappears.
You start putting on your armour.
You continue putting on your scarf of invisibility. x5
You finish putting on your scarf of invisibility.
You become transparent for a moment.
Okay, then.
Unknown command.
Unknown command.
A yaktaur captain comes into view.
The yaktaur captain shouts!
The yaktaur captain wields a +0 arbalest.
The yaktaur captain shoots a bolt.
The bolt hits you!!
Okay, then.
You start removing your armour.
You continue taking off your scarf of invisibility. x4
You finish taking off your scarf of invisibility.
You start putting on your armour.
You continue putting on your scarf of repulsion.
The yaktaur captain shoots a bolt.
Keep equipping yourself?
The bolt hits you!!!
Ouch! That really hurt!
* * * LOW HITPOINT WARNING * * *
You continue putting on your scarf of repulsion.
The yaktaur captain shoots a bolt.
The bolt hits you!!
You die...

#.# ###################'#
#.....##.............##.....
#.....##.............##)....
#.....##.............)).....
#.....##.............##.....
#.....##.......##...###..... .
#.........#....##)..........
....#.........#@.........##...##
..............#.................
........c.......................
..........##.c..................
..........((.....÷#......#.#..<.
.....#'#####(...÷.######........
...........)......[)†...†.......
........####......)######.......
......h....|)...#### #.......


You could see a yaktaur captain.

Vanquished Creatures
  Harold (D:7)
  2 two-headed ogres
  Pikel (D:8)
  Maggie (D:9)
  A tengu conjurer (D:9)
  A troll (D:9)
  2 hornets (D:9)
  Prince Ribbit (D:5)
  A wyvern (D:7)
  4 yaks
  A steam dragon (D:9)
  An acid dragon (D:9)
  5 water moccasins
  A hornet zombie (D:9)
  2 black bears (D:9)
  A sky beast (D:7)
  3 orc warriors
  An ogre (D:4)
  4 centaurs
  A necrophage (D:5)
  3 phantoms
  4 lemures (D:8)
  4 kobold brigands
  Blork the orc (D:5)
  5 bullfrogs (D:9)
  4 scorpions
  6 killer bees (D:8)
  12 wights
  7 electric eels (D:7)
  4 howler monkeys
  3 centaur zombies
  A gnoll shaman (D:8)
  3 human zombies (Ossuary)
  3 jellies
  4 orc priests
  3 centaur skeletons
  3 hounds
  2 iguanas (D:6)
  7 orc wizards
  A killer bee zombie (D:8)
  A hound skeleton (D:5)
  4 mummies (Ossuary)
  A howler monkey zombie (D:9)
  Robin (D:2)
  11 gnolls
  14 adders
  A shadow imp (D:6)
  An ufetubus (D:6)
  An adder skeleton (D:4)
  A worm (D:2)
  A dart slug (D:1)
  13 orcs
  6 ball pythons
  11 endoplasms
  4 giant cockroaches
  A gnoll zombie (Ossuary)
  5 hobgoblins
  5 jackals
  28 kobolds
  5 quokkas
  8 bats
  5 frilled lizards
  17 goblins
  2 goblin zombies (Ossuary)
  An orc zombie (Ossuary)
  8 rats
271 creatures vanquished.

Vanquished Creatures (collateral kills)
  Duvessa (D:7)
  Dowan (D:7)
  A hound (D:7)
3 creatures vanquished.

Vanquished Creatures (others)
  37 fungi (D:9)
  57 plants
94 creatures vanquished.

Grand Total: 368 creatures vanquished

Notes
Turn   | Place    | Note
-------+----------+-------------------------------------------
     0 | D:1      | DoubleLucky the Gargoyle Berserker began the quest for the
                  | Orb.
     0 | D:1      | Reached XP level 1. HP: 14/14 MP: 1/1
   354 | D:1      | Found Dumo's Jewellery Shop.
   373 | D:1      | Reached XP level 2. HP: 19/19 MP: 2/2
  1342 | D:1      | Reached XP level 3. HP: 22/24 MP: 3/3
  1444 | D:1      | Reached ** piety under Trog
  2014 | D:2      | Noticed Robin
  2032 | D:2      | Killed Robin
  2188 | D:2      | Reached skill level 4 in Maces & Flails
  2188 | D:2      | Reached XP level 4. HP: 30/30 MP: 4/4
  2812 | D:2      | Reached *** piety under Trog
  2958 | D:2      | Reached XP level 5. HP: 34/34 MP: 5/5
  3652 | D:3      | Reached skill level 5 in Fighting
  3733 | D:3      | Found Mahiull's Book Shop.
  3791 | D:3      | Found a faded altar of an unknown god.
  4251 | D:4      | Noticed a phantom
  4308 | D:4      | Reached skill level 5 in Maces & Flails
  4310 | D:4      | Killed a phantom
  4311 | D:4      | Reached XP level 6. HP: 37/41 MP: 6/6
  4449 | D:4      | Reached **** piety under Trog
  4545 | D:4      | Found a sand-covered staircase.
  4551 | Ossuary  | Entered an ossuary
  4757 | Ossuary  | Reached XP level 7. HP: 47/47 MP: 7/7
  4868 | D:4      | Found a staircase to the Ecumenical Temple.
  4980 | D:4      | Reached skill level 6 in Maces & Flails
  5168 | D:5      | Entered Level 5 of the Dungeon
  5244 | D:5      | Noticed Prince Ribbit
  5369 | D:5      | Killed Prince Ribbit
  5370 | D:5      | Reached skill level 7 in Maces & Flails
  5370 | D:5      | Reached XP level 8. HP: 54/54 MP: 8/8
  5654 | D:5      | Found a glowing golden altar of the Shining One.
  6211 | D:5      | Found a one-way gate to the infinite horrors of the Abyss.
  6211 | D:5      | Identified the +2 short sword of Balance {distort, Will+}
  6391 | D:5      | Noticed Blork the orc
  6402 | D:5      | Killed Blork the orc
  6454 | D:5      | Found a large runed translucent door.
  6457 | D:5      | Found a large runed translucent door.
  6463 | D:5      | Found a corrupted altar of Lugonu.
  6467 | D:5      | Identified a scroll of acquirement
  6468 | D:5      | Acquired 919 gold pieces
  6482 | D:5      | Cast into level 1 of the Abyss (kobold brigand)
  6503 | Abyss:1  | Found a corrupted altar of Lugonu.
  6513 | D:5      | Escaped the Abyss
  6527 | D:5      | Reached skill level 8 in Maces & Flails
  6702 | D:5      | Found a faded altar of an unknown god.
  6703 | D:5      | Found a hazy altar of Hepliaklqana.
  6915 | D:5      | Reached XP level 9. HP: 55/60 MP: 9/9
  7031 | D:6      | Found an iron altar of Okawaru.
  7152 | D:6      | Found a broken altar of Ashenzari.
  7580 | D:6      | Reached skill level 9 in Maces & Flails
  7595 | D:6      | Found a burning altar of Makhleb.
  7718 | D:7      | Reached skill level 10 in Fighting
  7756 | D:7      | Found a stormy altar of Qazlal.
  7771 | D:7      | Noticed Dowan
  7777 | D:7      | Noticed Duvessa
  7803 | D:7      | Killed Duvessa
  7804 | D:7      | Killed Dowan
  7966 | D:7      | Found a shimmering blue altar of Sif Muna.
  8091 | D:7      | Noticed Harold
  8098 | D:7      | Found a sparkling altar of Nemelex Xobeh.
  8112 | D:7      | Killed Harold
  8113 | D:7      | Reached skill level 10 in Maces & Flails
  8113 | D:7      | Reached skill level 5 in Armour
  8191 | D:7      | Reached XP level 10. HP: 68/68 MP: 10/10
  8392 | D:7      | Noticed a two-headed ogre
  8410 | D:7      | Killed a two-headed ogre
  8411 | D:7      | Reached skill level 11 in Maces & Flails
  8484 | D:7      | Reached skill level 1 in Evocations
  8555 | D:7      | Found a runed translucent door.
  8556 | D:7      | Noticed Crazy Yiuf
  8574 | D:7      | Found Zethrom Loth's Jewellery Shoppe.
  9095 | D:8      | Found Bus Vacw's Jewellery Shop.
  9105 | D:8      | Found a hide-covered altar of Uskayaw.
  9320 | D:8      | Noticed Pikel
  9344 | D:8      | Killed Pikel
  9345 | D:8      | Reached skill level 12 in Maces & Flails
  9696 | D:9      | Found a blossoming altar of Fedhas.
  9859 | D:9      | Reached XP level 11. HP: 72/72 MP: 11/11
  9887 | D:9      | Noticed a two-headed ogre
  9934 | D:9      | Killed a two-headed ogre
  9935 | D:9      | Reached skill level 5 in Evocations
 10109 | D:9      | Reached ***** piety under Trog
 10110 | D:9      | Reached skill level 13 in Maces & Flails
 10118 | D:9      | Noticed Maggie
 10127 | D:9      | Killed Maggie
 10172 | D:9      | Received a gift from Trog
 10277 | D:9      | Noticed a yaktaur captain
 10285 | D:9      | Shot with a bolt by a yaktaur captain

Illustrated notes

Levels and vault maps discovered:
D:1:      eino_arrival_water_star, layout_loops_cross, serial_shops,
          nicolae_shop_behind_doors
D:2:      minmay_thinvault, layout_basic, lemuel_flame_loot_1, uniq_robin
D:3:      layout_basic, serial_shops, nicolae_shop_stone,
          hellmonk_ecumenical_altar_blasted, nrook_mini_vaults
D:4:      layout_rooms, minmay_temple_entry_enclosed_plants,
          nicolae_ossuary_entry_plus
D:5:      due_chaos_kobolds, layout_loops_ring,
          beargit_hepliaklqana_dungeon_heroes, old_standard_altar,
          hangedman_abyss_or_decor_lesser_grid, lightli_corner_chamber,
          uniq_blork_the_orc, uniq_prince_ribbit1
D:6:      layout_cave_pools, makhleb_blood_cavern_becter, okawaru_gym_becter,
          nicolae_ashenzari_skybound, serial_rivers,
          chequers_serial_rivers_micro_d, chequers_serial_rivers_micro_d,
          chequers_serial_rivers_small_b, chequers_serial_rivers_micro_e,
          chequers_serial_rivers_micro_e, roderic_lattice_a, serial_bayou_pond_a
D:7:      layout_loops_cross, mainiacjoe_overflow_catch_the_wave,
          lemuel_blue_sif_altar, serial_shops, nicolae_shop_crystal,
          serial_bayou, serial_bayou_shore_a, serial_bayou_pond_e,
          serial_bayou_pond_b, serial_bayou_pond_c, serial_bayou_lagoon_a,
          serial_bayou_shore_b, uniq_duvessa, uniq_crazy_yiuf_cottage,
          uniq_harold
D:8:      layout_rooms, nicolae_uskayaw_murder_on_the_dancefloor, serial_shops,
          shop, uniq_pikel
D:9:      minmay_sliced_demisemicircle, layout_basic,
          mainiacjoe_overflow_brackets, due_lair_maze_entry_diamond,
          minmay_fractal_squares_diagonal_5, uniq_grum, uniq_maggie

Skill      XL: |  1  2  3  4  5  6  7  8  9 10 11 |
---------------+----------------------------------+-----
Fighting       | 4 5 6 7 9 10 | 10.9
Maces & Flails | 4 5 7 8 10 12 13 | 13.3
Armour         | 5 |  5.0
Evocations     | 4 5 |  5.0
Dodging        | |  1.5

Action                   |  1- 3 |  4- 6 |  7- 9 | 10-12 || total
-------------------------+-------+-------+-------+-------++-------
Melee: Mace              |    83 |       |       |       ||    83
       Dagger            |    51 |   261 |       |       ||   312
       Flail             |       |    42 |   213 |   345 ||   600
       Morningstar       |       |       |   111 |     8 ||   119
       Great mace        |       |       |       |    11 ||    11
Throw: Stone             |     2 |    39 |    57 |    24 ||   122
       Dart              |       |       |       |    10 ||    10
Invok: Berserk           |     2 |       |     4 |     4 ||    10
       Trog's Hand       |       |       |     6 |     5 ||    11
       Brothers in Arms  |       |       |     1 |     1 ||     2
Evoke: Wand              |       |       |       |     1 ||     1
  Use: Scroll            |       |     9 |     6 |     2 ||    17
 Stab: Sleeping          |     1 |       |       |       ||     1
Armor: Animal skin       |    28 |       |       |       ||    28
       Chain mail        |    17 |    34 |     8 |   262 ||   321
       Ring mail         |     4 |    94 |   172 |       ||   270
Dodge: Dodged            |    75 |   106 |   165 |   141 ||   487
